 Dungeon Crawl Stone Soup version 0.19-a0-13-gc67dc5e (webtiles) character file.

75760 aurelian the Devastator (level 15, 0/67 HPs)
             Began as a Felid Conjurer on Apr 28, 2016.
             Was the Champion of Sif Muna.
             Killed from afar by Arachne (19 damage)
             ... with a bolt of poison
             ... on level 1 of the Spider Nest on Apr 29, 2016.
             The game lasted 03:20:28 (66449 turns).

aurelian the Devastator (Felid Conjurer)           Turns: 66449, Time: 03:20:29

Health: 0/67       AC:  5    Str:  6    XL:     15   Next: 10%
Magic:  0/32       EV: 33    Int: 26    God:    Sif Muna [******]
Gold:   1397       SH:  6    Dex: 20    Spells: 10 memorised, 0 levels left
                                        Lives:  0   Deaths: 5

rFire  . . .     SeeInvis +     (weapon unavailable)
rCold  + . .     Gourm    .     (armour unavailable)
rNeg   + . .     Faith    .     (shield unavailable)
rPois  .         Spirit   .     (helmet unavailable)
rElec  .         Dismiss  .     (cloak unavailable)
rCorr  .         Reflect  +     (gloves unavailable)
SustAt .         Harm     .     (boots unavailable)
MR     +++..                    r - amulet "Ututhru" {Reflect Dex+3 SH+4 Stlth+}
Stlth  ++++++++++               C - ring of Shadows {Umbra +Inv rN+ SInv}
                                n - ring "Yzoadd" {+Fly Int+3}

@: lethally poisoned (0 -> -18), flying, very slightly contaminated, hasted,
wreathed by umbra, very quick, extremely resistant to hostile enchantments,
uncannily stealthy
A: no armour, no weapons or thrown items, claws 1, fangs 3, large bone plates 1,
see invisible, carnivore 3, speed 1, magic resistance 1, shaggy fur 3, slow
metabolism 1, strong 1, subdued magic 1, sharp paws
a: Channel Energy, Forget Spell, Renounce Religion, Evoke Invisibility, Stop
Flying


You were on level 1 of the Spider Nest.
You worshipped Sif Muna.
Sif Muna was exalted by your worship.
You were full.

You visited 7 branches of the dungeon, and saw 32 of its levels.
You visited 1 bazaar.
You also visited: Sewer, Ice Cave and Wizlab.

You collected 2690 gold pieces.
You spent 1293 gold pieces at shops.

Inventory:

Jewellery
 a - an uncursed ring of wizardry
 n - the ring "Yzoadd" (left paw) {+Fly Int+3}
   (You bought it in a shop on level 11 of the Dungeon)

   [ring of flight]

   It affects your intelligence (+3).
   It lets you fly.
 r - the amulet "Ututhru" (around neck) {Reflect Dex+3 SH+4 Stlth+}
   (You acquired it on level 5 of the Lair of Beasts)

   [amulet of reflection]

   It shields you and reflects attacks.
   It affects your dexterity (+3).
   It affects your SH (+4).
   It makes you more stealthy.
 v - a +5 ring of intelligence
 C - the ring of Shadows (right paw) {Umbra +Inv rN+ SInv}
   (You found it on level 8 of the Lair of Beasts)

   [ring of positive energy]

   It protects you from negative energy.
   It lets you see invisible.
   It lets you turn invisible.
 D - an uncursed ring of fire
 G - a +4 ring of evasion
 I - an uncursed ring of positive energy
 Q - an uncursed ring of protection from cold
Wands
 q - a wand of digging (10/24)
 t - a wand of lightning (3/15)
 y - a wand of iceblast (5/15)
 E - a wand of teleportation (7/9)
 F - a wand of acid (8/15)
Scrolls
 c - 3 scrolls of identify
 h - 5 scrolls of blinking
 i - 9 scrolls of remove curse
 k - a scroll of fear
 l - 2 scrolls of amnesia
 s - 6 scrolls of recharging
 J - 6 scrolls of teleportation
 L - 3 scrolls of fog
Potions
 e - 3 potions of cure mutation
 g - 3 potions of resistance
 m - 7 potions of might
 o - 2 potions of magic
 p - 13 potions of curing
 z - 2 potions of cancellation
 A - 9 potions of brilliance
 B - 9 potions of haste
 H - 4 potions of heal wounds
 M - 2 potions of berserk rage
 U - a potion of ambrosia
 W - 2 potions of agility
Comestibles
 b - 17 meat rations
 x - 7 beef jerkies
 K - 16 royal jellies
 T - 4 slices of pizza


   Skills:
 + Level 9.2 Fighting
 + Level 15.9 Dodging
 - Level 13.0 Stealth
 * Level 12.1 Spellcasting
 - Level 18.2 Conjurations
 - Level 10.0 Charms
 - Level 4.0 Summonings
 - Level 4.2 Translocations
 + Level 1.5 Fire Magic
 - Level 4.0 Invocations
 - Level 6.0 Evocations


You couldn't memorise any spells.
You knew the following spells:

 Your Spells              Type           Power        Failure   Level  Hunger
a - Magic Dart            Conj           ####         0%          1    None
b - Fireball              Conj/Fire      ######....   1%          5    ###....
c - Iskenderun's Battles  Conj/Chrm      ######..     1%          5    ###....
d - Iskenderun's Mystic   Conj           ######..     0%          4    None
e - Force Lance           Conj/Tloc      ######..     1%          4    None
f - Haste                 Chrm           ######..     10%         6    #####..
g - Orb of Destruction    Conj           ######....   1%          7    ######.
h - Summon Butterflies    Summ           ####....     1%          1    None
i - Regeneration          Chrm/Necr      ####......   1%          3    None
j - Blink                 Tloc           N/A          1%          2    None


Dungeon Overview and Level Annotations

Branches:
Dungeon (15/15)            Temple (1/1) D:6            Lair (8/8) D:10
 Shoals (1/4) Lair:5       Spider (2/4) Lair:5        Slime (0/6) Lair:6
    Orc (2/2) D:12            Elf (3/3) Orc:2        Vaults (0/5) D:13
 Depths (0/5) D:15

Altars:
Ashenzari
Cheibriados
Dithmenos
Elyvilon
Fedhas
Gozag
Kikubaaqudgha
Makhleb
Okawaru
Pakellas
Qazlal
Ru
Sif Muna
Trog
Vehumet
Xom
Yredelemnul
Zin
The Shining One

Shops:
D:11 =   D:12 :   Orc:2 [=(*   Elf:2 **

Annotations:
D:5 Edmund, Pikel
D:7 exclusion: 2 killer bees, Prince Ribbit
D:15 exclusion: Roxanne, Roxanne
Lair:6 Rupert
Spider:1 Arachne
Elf:2 Aizul
Elf:3 Asterion


Innate Abilities, Weirdness & Mutations

You cannot wear armour.
You are incapable of wielding weapons or throwing items.
You have sharp claws.
You have razor-sharp teeth.
You have supernaturally acute eyesight.
You are carnivorous and can eat meat at any time.
You cover ground quickly.
Your thick and shaggy fur keeps you warm (AC +3, rC+).
You have a slow metabolism.
Your sharp claws are effective at attacking unaware monsters.
You are partially covered in large bone plates (AC +2, SH +2).
You are resistant to hostile enchantments.
Your muscles are strong. (Str +2)
Your spells are a little easier to cast, but a little less powerful.


Message History

You blink.
You see here a potion of degeneration.
Evoke which item? (* to show all) (? for menu, Esc to quit)
Zapping:
y - a wand of iceblast (6/15)
Press: ? - help, Shift-Dir - straight line, f/p - Agnes
Aim: Agnes, wielding a +3 lajatang of electrocution and wearing a robe (almost dead)
The mass of ice explodes!
The iceblast engulfs Agnes.
You kill Agnes!
This wand has 5 charges left.
Arachne casts a spell.
Arachne blinks!
You feel very buoyant.
You fly up into the air.
You feel somewhat less full. Arachne casts a spell at you.
The poison arrow reflects off an invisible shield around you!
The poison arrow hits Arachne.
Arachne partially resists.
Arachne is poisoned.
Arachne casts a spell at you. The bolt of poison hits you!
You are poisoned.
You die...

#..### #..#.## ######
###..#..## #.#..# #^##.....#
### ##..*## ##.#...########.#
#...#####..#...#)..#.#.###
###..#.#...#...#...#.#...#
#...#^.H..#.....###.....# ##
###..#..^.^@....##.......#
.#####....##.####≈...#....^..##
..#..####..#.#...#...#..##..##
..#..##....#!##..#......<..#.##
.###..##...#..#....#..#..####.#
.#.#...#......#....##^#####.###
##.#...###...)##....###....#.#
.#.#...#.###..§###........####
.#....##.#.##............##..#


You could see Arachne.

Vanquished Creatures
  Gastronok (Lair:1)
  Agnes (Spider:1)
  A ghost moth (Spider:1)
  An orc warlord (Orc:1)
  Nessos (Lair:7)
  A dire elephant (Lair:7)
  An orange crystal statue (WizLab)
  A deep elf death mage (Elf:1)
  A merfolk impaler (Shoals:1)
  An ettin (D:15)
  3 entropy weavers
  2 hydras
  A catoblepas (D:15)
  3 centaur warriors
  An ogre mage (D:15)
  An anaconda (Lair:8)
  6 dancing weapons
  A tengu warrior (D:15)
  A death yak (Lair:6)
  4 orc high priests (Orc:2)
  4 deep elf knights (Elf:1)
  A deep troll (D:15)
  An unseen horror (shapeshifter) (Elf:1)
  3 sea snakes (Shoals:1)
  8 deep elf archers
  2 unseen horrors
  5 orb spiders (Spider:1)
  7 hill giants
  3 necromancers (Elf:1)
  3 orc knights
  A wolf spider zombie (D:12)
  29 deep elf magi
  A wizard (D:15)
  9 wolf spiders
  5 ugly things
  3 harpies (Shoals:1)
  A hornet (Spider:1)
  3 manticores (Shoals:1)
  2 griffons
  3 cyclopes
  6 orc sorcerers
  5 fauns (Shoals:1)
  A hornet (shapeshifter) (D:11)
  15 elephants
  2 sirens (Shoals:1)
  8 black mambas
  4 centaur zombies
  2 torpor snails
  A gargoyle (D:11)
  17 spiny frogs
  10 rime drakes
  7 komodo dragons
  2 kobold demonologists (D:15)
  An efreet (D:15)
  2 demonic crawlers
  A tengu conjurer (D:15)
  5 trolls
  14 jumping spiders
  4 two-headed ogres
  A queen bee (Lair:6)
  5 polar bears
  A wind drake (Lair:5)
  7 merfolk
  20 blink frogs
  2 boulder beetles
  3 snapping turtles
  A centaur simulacrum (D:14)
  40 redbacks
  A spriggan (D:8)
  A vampire (D:13)
  4 wraiths
  24 tarantellas
  2 wyverns
  An air elemental (Elf:1)
  63 yaks
  8 basilisks
  A fire elemental (Elf:1)
  5 hungry ghosts
  A steam dragon (D:11)
  16 hippogriffs
  3 large abominations (Elf:1)
  6 wargs
  7 swamp worms (Lair:5)
  15 water moccasins
  15 porcupines
  32 orc warriors
  6 sky beasts
  8 black bears
  15 ice beasts
  16 ogres
  23 wolves
  24 crocodiles
  14 centaurs
  2 big kobolds
  2 elf zombies (Elf:1)
  32 giant frogs
  A water moccasin zombie (D:7)
  A wyvern zombie (D:14)
  A water moccasin skeleton (D:4)
  A wyvern skeleton (D:8)
  9 wights (D:11)
  5 scorpions
  37 killer bees
  4 electric eels
  6 howler monkeys
  8 crimson imps
  2 quasits
  2 giant frog zombies
  9 hounds
  18 jellies
  22 orc wizards
  11 orc priests
  3 centaur skeletons
  3 giant frog skeletons
  13 iguanas
  5 hell rats
  10 worker ants
  27 sheep
  2 hound zombies
  A hound skeleton (D:11)
  A worker ant zombie (D:7)
  49 river rats
  13 adders
  2 howler monkey skeletons (D:9)
  6 shadow imps
  5 oozes
  An adder zombie (D:9)
  15 worms
  11 dart slugs (D:3)
  13 giant geckos
  82 orcs
  6 ball pythons
  14 giant cockroaches
  9 goblins
  11 hobgoblins
  11 jackals
  18 kobolds
  4 quokkas
  9 bats
  10 giant newts
  2 gnoll zombies (D:6)
  A quokka skeleton (D:5)
  A quokka zombie (D:6)
  7 rats
  A plant (Lair:8)
1164 creatures vanquished.

Vanquished Creatures (others)
  A yak (IceCv)
  A wolf (IceCv)
  A bush (Lair:5)
  54 fungi
  41 plants
98 creatures vanquished.

Grand Total: 1262 creatures vanquished

Notes
Turn   | Place    | Note
--------------------------------------------------------------
     0 | D:1      | aurelian the Felid Conjurer began the quest for the Orb.
     0 | D:1      | Reached XP level 1. HP: 7/7 MP: 4/4
   140 | D:1      | Reached XP level 2. HP: 11/11 MP: 0/6
   701 | D:1      | Reached skill level 4 in Conjurations
   761 | D:1      | Learned a level 2 spell: Searing Ray
   766 | D:1      | Found a shimmering altar of Xom.
   987 | D:1      | Reached XP level 3. HP: 14/14 MP: 0/7
  2922 | D:3      | Reached XP level 4. HP: 18/18 MP: 3/8
  3423 | D:4      | Found a glowing drain.
  3503 | Sewer    | Entered a sewer
  3518 | Sewer    | Reached skill level 5 in Conjurations
  3881 | Sewer    | Reached XP level 5. HP: 21/21 MP: 3/9
  4101 | Sewer    | Reached skill level 5 in Stealth
  4179 | Sewer    | Slain by a giant frog
  4180 | Sewer    | Reached XP level 4. HP: -1/18 MP: 2/8
  4557 | D:3      | Reached XP level 5. HP: 21/21 MP: 4/9
  6496 | D:4      | Gained mutation: You are covered in thick fur (AC +2). [Felid growth]
  6496 | D:4      | Reached XP level 6. HP: 18/24 MP: 0/10
  6585 | D:4      | Learned a level 5 spell: Iskenderun's Battlesphere
  6694 | D:4      | Reached skill level 6 in Conjurations
  6694 | D:4      | Reached skill level 1 in Charms
  7149 | D:4      | Found a blossoming altar of Fedhas.
  7280 | D:5      | Entered Level 5 of the Dungeon
  7280 | D:5      | Noticed Edmund
  7425 | D:5      | Found a shadowy altar of Dithmenos.
  7777 | D:5      | Reached XP level 7. HP: 27/27 MP: 5/11
  7830 | D:5      | Found a deep blue altar of Sif Muna.
  7948 | D:5      | Became a worshipper of Sif Muna the Loreminder
  8222 | D:5      | Noticed Pikel
  8455 | D:6      | Found a staircase to the Ecumenical Temple.
  8608 | D:6      | Reached skill level 5 in Dodging
  9097 | D:6      | Found a shattered altar of Ashenzari.
  9155 | Temple   | Entered the Ecumenical Temple
  9361 | D:6      | Reached skill level 7 in Conjurations
  9621 | D:6      | Found a basalt altar of Yredelemnul.
  9730 | D:6      | Reached XP level 8. HP: 31/31 MP: 6/12
  9906 | D:6      | Found a snail-covered altar of Cheibriados.
  9996 | D:6      | Found a stormy altar of Qazlal.
 10159 | D:7      | Reached * piety under Sif Muna
 10221 | D:7      | Found a bloodstained altar of Trog.
 11406 | D:7      | Reached skill level 8 in Conjurations
 11567 | D:7      | Reached XP level 9. HP: 34/34 MP: 14/16
 11736 | D:7      | Gained mutation: Your muscles are strong. (Str +2) [potion of beneficial mutation]
 11737 | D:7      | Gained mutation: You are resistant to hostile enchantments. [potion of beneficial mutation]
 11769 | D:8      | Reached ** piety under Sif Muna
 12012 | D:8      | Noticed Prince Ribbit
 12110 | D:8      | Noticed a gargoyle
 12654 | D:8      | Reached skill level 5 in Spellcasting
 12691 | D:7      | Slain by Prince Ribbit
 12692 | D:7      | Reached XP level 8. HP: -3/31 MP: 16/16
 13602 | D:8      | Reached skill level 9 in Conjurations
 13696 | D:9      | Reached XP level 9. HP: 27/34 MP: 14/18
 13934 | D:9      | Learned a level 4 spell: Iskenderun's Mystic Blast
 13965 | D:9      | Reached *** piety under Sif Muna
 15052 | D:9      | Found a burning altar of Makhleb.
 15211 | D:9      | Found a radiant altar of Vehumet.
 15353 | D:9      | Found a sacrificial altar of Ru.
 15364 | D:9      | Found a shimmering altar of Xom.
 15437 | D:10     | Entered Level 10 of the Dungeon
 15546 | D:10     | Noticed a troll
 15579 | D:10     | Killed a troll
 15812 | D:10     | Found a staircase to the Lair.
 15828 | D:10     | Reached **** piety under Sif Muna
 16198 | D:10     | Reached skill level 10 in Conjurations
 16312 | D:10     | Reached XP level 10. HP: 37/37 MP: 12/22
 16425 | Lair:1   | Entered Level 1 of the Lair of Beasts
 17235 | D:10     | Reached ***** piety under Sif Muna
 17799 | Lair:1   | Noticed a spiny frog
 17799 | Lair:1   | Noticed a spiny frog
 17844 | Lair:1   | Killed a spiny frog
 17937 | Lair:1   | Noticed a spiny frog
 17943 | Lair:1   | Killed a spiny frog
 17943 | Lair:1   | Reached skill level 5 in Charms
 17999 | Lair:1   | Noticed Gastronok
 18028 | Lair:1   | Killed Gastronok
 18028 | Lair:1   | Reached skill level 11 in Conjurations
 18393 | Lair:1   | Reached XP level 11. HP: 40/40 MP: 14/24
 18529 | Lair:1   | Reached ****** piety under Sif Muna
 18610 | Lair:1   | Received a gift from Sif Muna
 18613 | Lair:1   | Identified Sif Muna's Volume of Unholy Rituals and Earth (Sif Muna gifted it to you on level 1 of the Lair of Beasts)
 19081 | Lair:2   | Reached skill level 12 in Conjurations
 20605 | Lair:2   | HP: 2/40 [electric eel/bolt of electricity (15)]
 20615 | Lair:2   | Reached skill level 13 in Conjurations
 21424 | Lair:2   | Received a gift from Sif Muna
 21586 | Lair:2   | Learned a level 4 spell: Force Lance
 22132 | Lair:2   | Reached skill level 1 in Translocations
 22319 | Lair:2   | Gained mutation: Your thick and shaggy fur keeps you warm (AC +3, rC+). [Felid growth]
 22319 | Lair:2   | Reached XP level 12. HP: 44/44 MP: 16/25
 23537 | Lair:2   | Reached skill level 1 in Fighting
 23842 | Lair:2   | Reached skill level 14 in Conjurations
 25647 | Lair:3   | Reached skill level 10 in Stealth
 26283 | Lair:4   | Noticed a four-headed hydra
 26288 | Lair:4   | Killed a four-headed hydra
 26288 | Lair:4   | Received a gift from Sif Muna
 26293 | Lair:4   | Identified Gecvoneu's Incunabulum of Lucky Arcane Weapons (Sif Muna gifted it to you on level 4 of the Lair of Beasts)
 26301 | Lair:4   | Learned a level 6 spell: Haste
 26460 | Lair:4   | Found a frozen archway.
 26525 | IceCv    | Entered an ice cave
 27980 | Lair:5   | Reached XP level 13. HP: 49/49 MP: 12/26
 28523 | Lair:5   | Identified a scroll of acquirement
 28524 | Lair:5   | Got a faintly glowing jade amulet
 28525 | Lair:5   | Identified the amulet "Ututhru" {Reflect Dex+3 SH+4 Stlth+} (You acquired it on level 5 of the Lair of Beasts)
 29135 | Lair:5   | Found a staircase to the Shoals.
 29338 | Lair:5   | Reached skill level 15 in Conjurations
 30561 | Lair:5   | Reached skill level 10 in Charms
 30635 | Lair:5   | Found a hole to the Spider Nest.
 31020 | Lair:5   | Reached skill level 10 in Dodging
 32462 | Lair:6   | Found a staircase to the Slime Pits.
 32943 | Lair:6   | Noticed Rupert
 33364 | Lair:7   | Learned a level 5 spell: Fireball
 33446 | Lair:8   | Entered Level 8 of the Lair of Beasts
 33830 | Lair:7   | Learned a level 1 spell: Summon Butterflies
 33841 | Lair:7   | Noticed Nessos
 35151 | Lair:6   | Reached skill level 1 in Evocations
 35591 | Lair:7   | Reached skill level 1 in Invocations
 36074 | Lair:7   | Killed Nessos
 36074 | Lair:7   | Reached XP level 14. HP: 21/54 MP: 10/27
 36602 | Lair:8   | Reached skill level 16 in Conjurations
 37124 | Lair:8   | Received a gift from Sif Muna
 37129 | Lair:8   | Identified Sif Muna's Disquisition on Confrontation (Sif Muna gifted it to you on level 8 of the Lair of Beasts)
 42508 | D:11     | Found Hetazih's Jewellery Emporium.
 43652 | D:12     | Found a staircase to the Orcish Mines.
 43885 | D:12     | Found Vuppib's Book Boutique.
 44779 | Orc:1    | Entered Level 1 of the Orcish Mines
 44782 | Orc:1    | Upgraded the game from 0.19-a0-3-g95c6029 to 0.19-a0-13-gc67dc5e
 45245 | Orc:2    | Entered Level 2 of the Orcish Mines
 46760 | Orc:2    | Reached skill level 10 in Spellcasting
 46760 | Orc:2    | Reached XP level 15. HP: 49/57 MP: 11/30
 46987 | Orc:2    | Found Kisimpuh's Antique Armour Boutique.
 47000 | Orc:2    | Received a gift from Sif Muna
 47079 | Orc:2    | Noticed an orc warlord
 47329 | Orc:2    | Reached skill level 17 in Conjurations
 47498 | Orc:2    | Identified Ugore's Reference Book on Dark Arts and Arcane Weapons (Sif Muna gifted it to you on level 2 of the Orcish Mines)
 47739 | Orc:2    | Found Kopruz's Antique Weapon Boutique.
 48088 | Orc:2    | Found Qerghu's Jewellery Boutique.
 48233 | Orc:2    | Found a staircase to the Elven Halls.
 48406 | Orc:2    | Found Deisuv's General Store.
 48572 | Orc:1    | Killed an orc warlord
 49225 | D:13     | Found a gate to the Vaults.
 50717 | D:15     | Entered Level 15 of the Dungeon
 51378 | D:15     | Reached skill level 1 in Summonings
 51768 | D:15     | Found a staircase to the Depths.
 52650 | D:15     | Noticed Roxanne
 52836 | Lair:1   | Learned a level 7 spell: Spellforged Servitor
 52974 | Elf:1    | Entered Level 1 of the Elven Halls
 54631 | Elf:1    | Reached skill level 18 in Conjurations
 54637 | Elf:1    | Identified Sif Muna's Handbook of Dark Magic
 54881 | Elf:1    | Received a gift from Sif Muna
 54882 | Elf:1    | Identified Mirgho Anotui's Catalogue of Attacks and Curses (Sif Muna gifted it to you on level 1 of the Elven Halls)
 54892 | Elf:1    | Learned a level 7 spell: Orb of Destruction
 55467 | Elf:2    | Noticed Aizul
 55471 | Elf:2    | HP: 2/60 [Aizul/bolt of poison (26)]
 55473 | Elf:2    | Mangled by Aizul
 55474 | Elf:2    | Reached XP level 14. HP: -10/57 MP: 1/29
 55493 | Elf:2    | Reached XP level 15. HP: 60/60 MP: 23/30
 55527 | Elf:2    | Found a runed gate.
 55527 | Elf:2    | Found a runed gate.
 55528 | Elf:2    | Found a runed gate.
 55905 | Elf:2    | Found Gumicoun's Assorted Antiques.
 55942 | Elf:3    | Entered Level 3 of the Elven Halls
 56158 | Elf:3    | Found a flickering gateway to a bazaar.
 56168 | Bazaar   | Entered a bazaar
 56168 | Bazaar   | Found Gaskas's Gadget Emporium.
 56168 | Bazaar   | Found Soarokka's Distillery.
 56185 | Bazaar   | Bought a potion of heal wounds for 75 gold pieces
 56196 | Bazaar   | Found Xyepyemu's Antique Armour Boutique.
 56215 | Bazaar   | Found Dielidd's Antique Weapon Shoppe.
 56226 | Bazaar   | Found Hainwu's General Store.
 56291 | Elf:3    | Noticed Asterion
 56309 | Elf:3    | Found a magical portal.
 56312 | WizLab   | Entered Wucad Mu's Monastery
 56332 | WizLab   | Noticed a grey draconian monk
 56353 | WizLab   | Noticed a grey draconian monk
 56389 | WizLab   | Noticed a grey draconian monk
 56413 | WizLab   | Noticed a grey draconian monk
 56438 | WizLab   | Noticed a grey draconian monk
 56503 | WizLab   | Gained mutation: You are partially covered in large bone plates (AC +2, SH +2). [potion of beneficial mutation]
 56508 | WizLab   | Reached skill level 15 in Dodging
 56508 | WizLab   | Reached XP level 16. HP: 40/63 MP: 18/31
 56977 | Elf:3    | Gained mutation: Your spells are a little easier to cast, but a little less powerful. [a cacodemon]
 57002 | Elf:2    | Found Tolucat's Assorted Antiques.
 57492 | D:11     | Reached skill level 5 in Fighting
 57976 | Shoals:1 | Entered Level 1 of the Shoals
 58466 | D:11     | Bought the ring "Yzoadd" {+Fly Int+3} for 462 gold pieces
 59711 | Shoals:1 | Reached skill level 5 in Evocations
 60944 | Spider:1 | Entered Level 1 of the Spider Nest
 61522 | Lair:5   | Learned a level 3 spell: Regeneration
 62789 | Spider:1 | Received a gift from Sif Muna
 62798 | Spider:1 | Identified Sif Muna's Guide on Doomed Confrontation (Sif Muna gifted it to you on level 1 of the Spider Nest)
 64987 | Spider:2 | Noticed Agnes
 64987 | Spider:2 | Noticed Arachne
 65392 | Spider:1 | Annihilated by Agnes
 65393 | Spider:1 | Reached XP level 15. HP: -22/67 MP: 32/32
 65552 | Spider:2 | Mangled by a redback
 65553 | Spider:2 | Reached XP level 14. HP: -8/63 MP: 7/31
 65572 | Spider:2 | Reached XP level 15. HP: 67/67 MP: 27/32
 65586 | Spider:2 | Reached skill level 1 in Fire Magic
 66108 | D:12     | Bought the Reference Book on Displacement and Slavery for 756 gold pieces
 66111 | D:12     | Learned a level 2 spell: Blink
 66443 | Spider:1 | Killed Agnes
 66449 | Spider:1 | Killed from afar by Arachne

Vault maps used:
D:1:      roderic_octagonal_star, minmay_statues_item, xom_teletrap_fun
D:3:      kennysheep_slugbush, serial_glass, glass_columns_b, glass_columns_a,
          grunt_ministairs_4, minmay_misc_feat_room, hangedman_glass_teeth,
          minmay_lizard_king
D:4:      lemuel_doored_altar, first_bread, gup_sewer_entry_bubbles
D:5:      lemuel_coloured_pillars_altar, nicolae_dithmenos_shadow_blocks,
          uniq_pikel, uniq_edmund
D:6:      lemuel_round_altar, ashenzari_conservatory_becter,
          lemuel_zombie_altar_yredelemnul, minmay_temple_entry_trees,
          grunt_qazlal_clouds
D:7:      lemuel_crystal_altar
D:8:      minmay_curly_fans, marbit_many_paths, the_bakery, grunt_ministairs_9,
          uniq_prince_ribbit1, uniq_psyche
D:9:      grunt_temple_overflow_lords_of_destruction,
          amethyst_overflow_temple_binary
D:10:     erik_lair_orcish_takeover, kennysheep_generic_room_7
D:11:     serial_shops, shop
D:12:     erik_orc_3, serial_shops, nicolae_shop_crystal
D:13:     erik_vaults_1
D:14:     grunt_decor_cap
D:15:     hangedman_depths_entry_civil_slaughter, uniq_roxanne
Temple:   nicolae_temple_no_exploring_needed
Lair:1:   beast_lair_carwin_large_2, bh_autumn_forest_stairs, uniq_gastronok
Lair:2:   serial_bayou_shore_a
Lair:4:   portal_ice_cave_entry_ice_beasts, st_stairs_10
Lair:5:   elwin_shoals_entry_rooms, spider_nest_entry_funnel_web, worms_lemuel,
          grunt_megastairs_4
Lair:6:   minmay_slime_entry_jelly_boxes, special_room, st_stairs_4, uniq_rupert
Lair:7:   uniq_nessos
Lair:8:   due_jungle_book, minmay_lair_drake_nest
Spider:1: nicolae_spider_webs_and_nodes
Spider:2: spider_trap, uniq_agnes, uniq_arachne
Orc:1:    uniq_josephine
Orc:2:    grunt_orc_gardens, grunt_orc_garden, grunt_orc_garden,
          grunt_orc_garden, grunt_orc_garden
Elf:1:    eino_elf_arrival_sip, minmay_elf_necromancy,
          roderic_lattice_octagonal_star
Elf:2:    serial_shops, nicolae_shop_overgrown_old_shop, shop, shop,
          nicolae_shop_scaring_up_business, nicolae_shop_stone, st_stairs_13,
          nicolae_elf_v_pinch, uniq_nikola, uniq_aizul, uniq_jorgrun
Elf:3:    minmay_elf_hall_quartered_circle, mu_enter_wizlab_7, serial_shops,
          bzr_entry_lakeside, basic_altar, uniq_asterion
Bazaar:   bazaar_lake
Sewer:    sewer_frog_island_01
IceCv:    ice_cave_caverns_02
WizLab:   wizlab_wucad

Skill      XL: |  1  2  3  4  5  6  7  8  9 10 11 12 13 14 15 16 |
---------------+-------------------------------------------------+-----
Stealth        | 3 4 5 6 9 8 10 12 13 | 13.0
Conjurations   | 4 5 6 7 9 10 11 13 14 15 16 18 | 18.2
Dodging        | 3 4 5 6 7 8 11 12 15 | 15.9
Charms         | 2 4 6 9 10 | 10.0
Spellcasting   | 4 7 8 10 12 | 12.1
Translocations | 2 4 |  4.2
Fighting       | 2 9 8 |  9.2
Evocations     | 1 6 |  6.0
Invocations    | 1 4 |  4.0
Summonings     | 4 |  4.0
Fire Magic     | 1 |  1.5

Action                   |  1- 3 |  4- 6 |  7- 9 | 10-12 | 13-15 | 16-18 || total
-------------------------+-------+-------+-------+-------+-------+-------++-------
Melee: Unarmed           |       |       |     1 |     3 |   103 |       ||   107
       Bite              |       |       |       |     1 |    23 |       ||    24
 Cast: Magic Dart        |   113 |   205 |   339 |   348 |   987 |   259 ||  2251
       Searing Ray       |     3 |    11 |    72 |     4 |     1 |       ||    91
       Iskenderun's Batt |       |       |    10 |   117 |   395 |    96 ||   618
       Iskenderun's Myst |       |       |     8 |   127 |   379 |   121 ||   635
       Fireball          |       |       |       |       |     8 |     7 ||    15
       Haste             |       |       |       |       |     6 |     5 ||    11
       Blink             |       |       |       |       |     9 |       ||     9
       Orb of Destructio |       |       |       |       |     7 |     5 ||    12
       Force Lance       |       |       |       |       |     1 |       ||     1
       Regeneration      |       |       |       |       |       |     3 ||     3
Invok: Channel Energy    |       |       |       |       |    96 |    20 ||   116
       Forget Spell      |       |       |       |       |     2 |       ||     2
 Abil: Evoke Flight      |       |       |       |       |     1 |    13 ||    14
       Evoke Invisibilit |       |       |       |       |       |     8 ||     8
Evoke: Wand              |       |       |     6 |     2 |     2 |       ||    10
  Use: Scroll            |       |       |    25 |     2 |    27 |     3 ||    57
       Potion            |       |       |     2 |     3 |     6 |     2 ||    13
  Eat: Chunk             |    13 |    17 |    27 |    49 |   142 |    36 ||   284
       Pizza             |       |       |       |       |     2 |     1 ||     3
Armor: Skin              |     3 |     2 |     7 |     4 |    10 |     7 ||    33
Dodge: Dodged            |    26 |    35 |   141 |    76 |   381 |   201 ||   860
Block: Other             |       |       |       |       |    60 |    37 ||    97
       Reflection        |       |       |       |       |     9 |     6 ||    15
